 Dungeon Crawl Stone Soup version 0.25-a0-942-g87a53962fc (webtiles) character file.

Game seed: 1876459299250482724, levelgen mode: deterministic

44 Iscandelvey the Vexing (level 3, -2/26 HPs)
             Began as a Demonspawn Arcane Marksman on May 8, 2020.
             Slain by a hornet (7 damage)
             ... on level 2 of the Dungeon.
             The game lasted 00:00:50 (1220 turns).

Iscandelvey the Vexing (Demonspawn Arcane Marksman) Turns: 1220, Time: 00:00:51

Health: -2/26      AC:  3    Str: 10    XL:     3   Next: 39%
Magic:  4/4        EV: 17    Int: 15    God:
Gold:   35         SH:  0    Dex: 13    Spells: 3/4 levels left

rFire    . . .     SeeInvis .   a - +0 hunting sling
rCold    . . .     Gourm    .   (no shield)
rNeg     . . .     Faith    .   e - +0 robe
rPois    .         Spirit   .   (no helmet)
rElec    .         Reflect  .   (no cloak)
rCorr    .         Harm     .   (no gloves)
MR       .....                  (no boots)
Stlth    +.........             (no amulet)
HPRegen  0.08/turn              (no ring)
MPRegen  0.09/turn              (no ring)

@: mighty, agile, lethally poisoned (-2 -> -22)
A: rugged brown scales 1, powered by pain 1
a: no special abilities


You were on level 2 of the Dungeon.
You were not hungry.

You visited 1 branch of the dungeon, and saw 2 of its levels.

You collected 35 gold pieces.

Inventory:

Hand Weapons
 a - a +0 hunting sling (weapon)
Missiles
 b - 66 stones
 d - 5 sling bullets (quivered)
Armour
 e - a +0 robe (worn)
Scrolls
 c - 4 scrolls of identify {unknown}
 i - a scroll of amnesia {unknown}
 j - a scroll of remove curse {unknown}
 k - a scroll of enchant armour {unknown}
 l - a scroll of fear {unknown}
Potions
 h - a potion of curing {unknown}
Comestibles
 f - 3 rations
 g - 2 chunks of flesh


   Skills:
 + Level 1.1 Fighting
 + Level 2.9 Slings
 + Level 1.8 Dodging
 + Level 0.1 Stealth
 + Level 1.0 Spellcasting
 + Level 3.5 Hexes


You had 3 spell levels left.
You knew the following spells:

 Your Spells              Type           Power        Failure   Level  Hunger
a - Corona                Hex            ##.....      6%          1    ##.....

Your spell library contained the following spells:

 Spells                   Type           Power        Failure   Level  Hunger
 Slow                     Hex            ##......     9%          2    ###....
 Inner Flame              Hex/Fire       #.......     34%         3    ####...
 Portal Projectile        Hex/Tloc       #.....       34%         3    ####...
 Cause Fear               Hex            ##........   50%         4    #####..
 Leda's Liquefaction      Hex/Erth       #.........   75%         4    #####..


Dungeon Overview and Level Annotations

Branches:
Dungeon (2/15)

Altars:
Cheibriados
Elyvilon
Sif Muna
Yredelemnul
The Shining One


Innate Abilities, Weirdness & Mutations

You are partially covered in rugged brown scales. (AC +1, +3% HP)
You sometimes gain a little power by taking damage.


Message History

You are more poisoned.
You suddenly lose the ability to move!
You can move again.
Firing (i - inventory. (/) - cycle)
d - 7 sling bullets (quivered)
Press: ? - help, Shift-Dir - straight line, f/p - hornet
Aim: a hornet (lightly wounded)
You shoot a sling bullet.
The sling bullet closely misses the hornet.
You feel very sick. The hornet misses you. The hornet closely misses you.
Firing (i - inventory. (/) - cycle)
d - 6 sling bullets (quivered)
Press: ? - help, Shift-Dir - straight line, f/p - hornet
Aim: a hornet (lightly wounded)
You shoot a sling bullet.
The sling bullet barely misses the hornet.
You feel yourself speed up.
* * * LOW HITPOINT WARNING * * *
You feel very sick. The hornet stings you!
You die...

##### ....# #####
###.######### #.(..
..#.......... ...#
....#######.#####>..#
..#.## #.#...@y.(#
.....#### #.#.###.#(#
...#....###..#.# .#
.....##.....###...#
..#.#######..# #..#
#.#.. #.#.# ..#
#.#### #.#.# .# ..
#.. . .# ... ..


You could see a hornet.

Vanquished Creatures
  2 dart slugs (D:1)
  2 leopard geckos (D:1)
  6 bats
  A giant cockroach (D:1)
  5 goblins (D:1)
  8 hobgoblins
  3 frilled lizards (D:1)
  5 kobolds
  4 rats
36 creatures vanquished.

Notes
Turn   | Place    | Note
-------+----------+-------------------------------------------
     0 | D:1      | Iscandelvey the Demonspawn Arcane Marksman began the quest
                  | for the Orb.
     0 | D:1      | Reached XP level 1. HP: 15/15 MP: 2/2
   151 | D:1      | Gained mutation: You are partially covered in rugged brown
                  | scales. (AC +1, +3% HP) [demonic ancestry]
   151 | D:1      | Reached XP level 2. HP: 15/21 MP: 3/3
   635 | D:1      | Gained mutation: You sometimes gain a little power by
                  | taking damage. [demonic ancestry]
   635 | D:1      | Reached XP level 3. HP: 21/26 MP: 4/4
   907 | D:2      | Found a glowing golden altar of the Shining One.
   907 | D:2      | Found a shimmering blue altar of Sif Muna.
   908 | D:2      | Found a snail-covered altar of Cheibriados.
   908 | D:2      | Found a white marble altar of Elyvilon.
   914 | D:2      | Found a basalt altar of Yredelemnul.
  1215 | D:2      | Noticed a hornet
  1218 | D:2      | Paralysed by a hornet for 1 turns
  1220 | D:2      | Slain by a hornet

Levels and vault maps discovered:
D:1:      dpeg_arrival_pond, layout_basic, serial_rivers,
          chequers_serial_rivers_room_a, chequers_serial_rivers_micro_c,
          chequers_serial_rivers_small_b, chequers_serial_rivers_room_a,
          roderic_roman_lattice
D:2:      layout_loops_ring, grunt_temple_overflow_open

Skill      XL: |  1 |
---------------+----+-----
Slings         | 2 |  2.9
Fighting       | |  1.1
Dodging        | |  1.8
Stealth        | |  0.1
Spellcasting   | |  1.0
Hexes          | |  3.5

Action                   || total
-------------------------++-------
 Fire: Hunting sling     ||   103
  Eat: Chunk             ||     1
Armor: Robe              ||     5
Dodge: Dodged            ||    26

Table legend:
 A = Non-vault XP
 B = Vault XP
 C = Vault XP percentage of total XP
 D = Non-vault monster count
 E = Vault monster count
 F = Vault count percentage of total count
                 A         B        C        D         E       F
            +---------+---------+-------+---------+---------+-------
      Total |      63 |       0 |   0.0 |      36 |       0 |   0.0
            +---------+---------+-------+---------+---------+-------
        D:1 |      46 |       0 |   0.0 |      25 |       0 |   0.0
        D:2 |      17 |       0 |   0.0 |      11 |       0 |   0.0
            +---------+---------+-------+---------+---------+-------
